NYP
WILLIAMSPORT CROSSCUTTERS @ LOS ANGELES (NYP) DODGERS
08/09/2048
 
TOP OF THE 1ST
Williamsport Crosscutters batting - Pitching for Los Angeles (NYP) Dodgers : LHP Billy Nash
Pitching: LHP Billy Nash
Batting: LHB Chris Moody 0-0: Foul Ball, location: 2F
0-1: Ground out 4-3 (Groundball, 34D, EV 86.9 MPH)
Batting: SHB Art Kent 0-0: Called Strike
0-1: Called Strike
0-2: Ball
1-2: Strikes out swinging
Batting: RHB Xavier Castellanos 0-0: Ball
1-0: Ball
2-0: Swinging Strike
2-1: Foul Ball, location: 2F
2-2: Strikes out swinging
Top of the 1st over - 0 runs, 0 hits, 0 errors, 0 left on base; Williamsport 0 - Los Angeles (NYP) 0
BOTTOM OF THE 1ST
Los Angeles (NYP) Dodgers batting - Pitching for Williamsport Crosscutters : RHP Bobby Mauk
Pitching: RHP Bobby Mauk
Batting: RHB Alex Mejia 0-0: Ball
1-0: SINGLE (Groundball, 4MD, EV 96.9 MPH)
Batting: RHB Adam Maczko 0-0: Ball
1-0: Ball
2-0: Called Strike
2-1: SINGLE (Groundball, 56D, EV 96.2 MPH)
Alex Mejia to second
Batting: RHB Tommy Hunter 0-0: Called Strike
0-1: Ball
1-1: Ball
2-1: Called Strike
2-2: Ball
3-2: Base on Balls
Alex Mejia to third
Adam Maczko to second
Batting: LHB Fernão Manta 0-0: Ball
1-0: Ball
2-0: Foul Ball, location: 2F
2-1: Ball
3-1: Foul Ball, location: 2F
3-2: Base on Balls
Alex Mejia scores
Adam Maczko to third
Tommy Hunter to second
Batting: RHB Brad Brady 0-0: Foul Ball, location: 2F
0-1: Ball
1-1: SINGLE (Line Drive, 8LS, EV 91.2 MPH)
Adam Maczko scores
Tommy Hunter to third
Fernão Manta to second
Batting: LHB Bobby Gambrell 0-0: Fielders Choice at 2nd, 3-6 (Groundball, 34, EV 89.4 MPH)
Tommy Hunter scores
Fernão Manta to third
Batting: RHB Bob Magana 0-0: Ball
Bobby Gambrell steals 2nd base
1-0: Swinging Strike
1-1: Ball
2-1: Swinging Strike
2-2: Strikes out looking
Batting: RHB Chad Rojas 0-0: Ball
1-0: Fly out, F6 (Line Drive, 6, EV 60.6 MPH)
Bottom of the 1st over - 3 runs, 3 hits, 0 errors, 2 left on base; Williamsport 0 - Los Angeles (NYP) 3
TOP OF THE 2ND
Williamsport Crosscutters batting - Pitching for Los Angeles (NYP) Dodgers : LHP Billy Nash
Batting: RHB Shintaro Katsumata 0-0: Ball
1-0: Foul Ball, location: 2F
1-1: Swinging Strike
1-2: Ball
2-2: Strikes out swinging
Batting: RHB Jose Nunez 0-0: Called Strike
0-1: SINGLE (Groundball, 6MD, EV 87.5 MPH) (infield hit)
Batting: RHB Nick Cottrell 0-0: Foul Ball, location: 2F
0-1: Fielders Choice at 2nd, 5-4 (Groundball, 56S, EV 91.2 MPH)
Batting: RHB Salvador Avina 0-0: Foul Ball, location: 2F
0-1: Ball
1-1: Ball
2-1: Foul Ball, location: 2F
2-2: Ball
Nick Cottrell is caught stealing 2nd base 2-4
Top of the 2nd over - 0 runs, 1 hit, 0 errors, 0 left on base; Williamsport 0 - Los Angeles (NYP) 3
BOTTOM OF THE 2ND
Los Angeles (NYP) Dodgers batting - Pitching for Williamsport Crosscutters : RHP Bobby Mauk
Batting: SHB Josh Vaill 0-0: Called Strike
0-1: SINGLE (Line Drive, 78S, EV 109.4 MPH)
Batting: RHB Alex Mejia 0-0: Ball
1-0: Ball
2-0: Fielders Choice at 2nd, 6-4 (Groundball, 6S, EV 87.5 MPH)
Batting: RHB Adam Maczko 0-0: SINGLE (Groundball, 6MD, EV 101.9 MPH)
Alex Mejia to second
Runner from 2nd tries for 3rd, SAFE, throw by CF made to third
Batting: RHB Tommy Hunter 0-0: Called Strike
0-1: DOUBLE (Groundball, 5L, EV 106.9 MPH)
Alex Mejia scores
Adam Maczko to third
Runner from 3rd tries for Home, SAFE, throw by LF to home
Batting: LHB Fernão Manta 0-0: Called Strike
0-1: Ball
1-1: Foul Ball, location: 2F
1-2: Strikes out swinging
Batting: RHB Brad Brady 0-0: Ball
1-0: Foul Ball, location: 2F
1-1: Fly out, F8 (Flyball, 8RS, EV 89.4 MPH)
Bottom of the 2nd over - 2 runs, 3 hits, 0 errors, 1 left on base; Williamsport 0 - Los Angeles (NYP) 5
TOP OF THE 3RD
Williamsport Crosscutters batting - Pitching for Los Angeles (NYP) Dodgers : LHP Billy Nash
Batting: RHB Salvador Avina 0-0: Ground out 6-3 (Groundball, 6, EV 107.5 MPH)
Batting: RHB Leon Edwards 0-0: Foul Ball, location: 2F
0-1: Ball
1-1: Ball
2-1: Foul Ball, location: 2F
2-2: Ball
3-2: Base on Balls
Batting: RHB Micah McErlean 0-0: Called Strike
0-1: Ball
1-1: Foul Ball, location: 2F
1-2: Fly out, F9 (Flyball, 89D, EV 92.5 MPH)
Batting: LHB Chris Moody 0-0: Called Strike
0-1: Ball
1-1: Swinging Strike
1-2: Ball
2-2: Ball
3-2: Strikes out swinging
Top of the 3rd over - 0 runs, 0 hits, 0 errors, 1 left on base; Williamsport 0 - Los Angeles (NYP) 5
BOTTOM OF THE 3RD
Los Angeles (NYP) Dodgers batting - Pitching for Williamsport Crosscutters : RHP Bobby Mauk
Batting: LHB Bobby Gambrell 0-0: Ball
1-0: Ground out 5-3 (Groundball, 5, EV 90.6 MPH)
Batting: RHB Bob Magana 0-0: Ball
1-0: Ground out 3-1 (Groundball, 34, EV 99.4 MPH)
Batting: RHB Chad Rojas 0-0: Ground out 4-3 (Groundball, 4D, EV 106.2 MPH)
Bottom of the 3rd over - 0 runs, 0 hits, 0 errors, 0 left on base; Williamsport 0 - Los Angeles (NYP) 5
TOP OF THE 4TH
Williamsport Crosscutters batting - Pitching for Los Angeles (NYP) Dodgers : LHP Billy Nash
Batting: SHB Art Kent 0-0: Fly out, F8 (Flyball, 8LM, EV 71.9 MPH)
Batting: RHB Xavier Castellanos 0-0: Called Strike
0-1: Ball
1-1: Ball
2-1: Ball
3-1: Swinging Strike
3-2: Strikes out swinging
Batting: RHB Shintaro Katsumata 0-0: Ball
1-0: Called Strike
1-1: Ground out 6-3 (Groundball, 6, EV 101.9 MPH)
Top of the 4th over - 0 runs, 0 hits, 0 errors, 0 left on base; Williamsport 0 - Los Angeles (NYP) 5
BOTTOM OF THE 4TH
Los Angeles (NYP) Dodgers batting - Pitching for Williamsport Crosscutters : RHP Bobby Mauk
Batting: SHB Josh Vaill 0-0: Ball
1-0: Swinging Strike
1-1: Called Strike
1-2: Ball
2-2: Ground out 4-3 (Groundball, 4, EV 86.9 MPH)
Batting: RHB Alex Mejia 0-0: Ball
1-0: Ground out 4-3 (Groundball, 34, EV 111.2 MPH)
Batting: RHB Adam Maczko 0-0: Ball
1-0: Swinging Strike
1-1: Called Strike
1-2: Ground out 1-3 (Groundball, 13S, EV 65.0 MPH)
Bottom of the 4th over - 0 runs, 0 hits, 0 errors, 0 left on base; Williamsport 0 - Los Angeles (NYP) 5
TOP OF THE 5TH
Williamsport Crosscutters batting - Pitching for Los Angeles (NYP) Dodgers : LHP Billy Nash
Batting: RHB Jose Nunez 0-0: Ball
1-0: Called Strike
1-1: Swinging Strike
1-2: Ball
2-2: Foul Ball, location: 2F
2-2: Ground out 6-3 (Groundball, 6M, EV 96.2 MPH)
Batting: RHB Nick Cottrell 0-0: Called Strike
0-1: Ball
1-1: Swinging Strike
1-2: Ball
2-2: Strikes out swinging
Batting: RHB Salvador Avina 0-0: Called Strike
0-1: Foul Ball, location: 2F
0-2: Fly out, F7 (Flyball, 7, EV 92.5 MPH)
Top of the 5th over - 0 runs, 0 hits, 0 errors, 0 left on base; Williamsport 0 - Los Angeles (NYP) 5
BOTTOM OF THE 5TH
Los Angeles (NYP) Dodgers batting - Pitching for Williamsport Crosscutters : RHP Bobby Mauk
Batting: RHB Tommy Hunter 0-0: Ball
1-0: Ball
2-0: Fly out, F4 (Popup, 3S, EV 86.2 MPH)
Batting: LHB Fernão Manta 0-0: Ball
1-0: Foul Ball, location: 2F
1-1: Ball
2-1: Ground out 1-3 (Groundball, 13S, EV 70.6 MPH)
Batting: RHB Brad Brady 0-0: Ball
1-0: Ball
2-0: Ball
3-0: Called Strike
3-1: Foul Ball, location: 2F
3-2: Base on Balls
Pitching: LHP Justin Thornton
Batting: LHB Bobby Gambrell 0-0: Ball
1-0: Foul Ball, location: 2F
1-1: Swinging Strike
1-2: 2-RUN HOME RUN (Flyball, 9D, EV 99.4 MPH), Distance : 391 ft
Batting: RHB Bob Magana 0-0: Ball
1-0: Ball
2-0: Swinging Strike
2-1: Ball
3-1: Foul Ball, location: 2F
3-2: Base on Balls
Batting: RHB Chad Rojas 0-0: SINGLE (Groundball, 5S, EV 68.8 MPH) (infield hit)
Bob Magana to second
Batting: SHB Josh Vaill 0-0: Ball
1-0: Fielders Choice at 2nd, 6-4 (Groundball, 6, EV 103.8 MPH)
Bottom of the 5th over - 2 runs, 2 hits, 0 errors, 2 left on base; Williamsport 0 - Los Angeles (NYP) 7
TOP OF THE 6TH
Williamsport Crosscutters batting - Pitching for Los Angeles (NYP) Dodgers : LHP Billy Nash
Batting: RHB Leon Edwards 0-0: Ball
1-0: Ball
2-0: Called Strike
2-1: Foul Ball, location: 2F
2-2: Foul Ball, location: 2F
2-2: Ground out 3-1 (Groundball, 34, EV 98.8 MPH)
Batting: RHB Micah McErlean 0-0: Called Strike
0-1: Swinging Strike
0-2: Ball
1-2: Foul Ball, location: 2F
1-2: Ball
2-2: Ground out 6-3 (Groundball, 6, EV 111.2 MPH)
Batting: LHB Chris Moody 0-0: Ball
1-0: Ball
2-0: Ball
3-0: Base on Balls
Batting: SHB Art Kent 0-0: Ball
1-0: Foul Ball, location: 2F
1-1: Swinging Strike
1-2: Foul Ball, location: 2F
1-2: Ground out 6-3 (Groundball, 6, EV 85.6 MPH)
Top of the 6th over - 0 runs, 0 hits, 0 errors, 1 left on base; Williamsport 0 - Los Angeles (NYP) 7
BOTTOM OF THE 6TH
Los Angeles (NYP) Dodgers batting - Pitching for Williamsport Crosscutters : LHP Justin Thornton
Batting: RHB Alex Mejia 0-0: Ball
1-0: Swinging Strike
1-1: Ball
2-1: Ball
3-1: Base on Balls
Batting: RHB Adam Maczko 0-0: SINGLE (Flyball, 3D, EV 97.5 MPH)
Alex Mejia to second
Batting: RHB Tommy Hunter 0-0: Ball
Passed Ball!
Alex Mejia to third
Adam Maczko to second
1-0: TRIPLE (Flyball, 78XD, EV 103.1 MPH)
Alex Mejia scores
Adam Maczko scores
Batting: LHB Fernão Manta 0-0: Foul Ball, location: 2F
0-1: Called Strike
0-2: Strikes out swinging
Batting: RHB Brad Brady 0-0: Called Strike
0-1: Ball
1-1: Ball
2-1: Foul Ball, location: 2F
2-2: Foul Ball, location: 2F
2-2: Foul Ball, location: 2F
2-2: SINGLE (Groundball, 34D, EV 108.1 MPH)
Tommy Hunter scores
Pitching: RHP Si-dao Xia
Batting: LHB Bobby Gambrell 0-0: Foul Ball, location: 2F
0-1: Swinging Strike
0-2: Ball
1-2: Foul Ball, location: 2F
1-2: Strikes out looking
Batting: RHB Bob Magana 0-0: Ball
1-0: Ball
2-0: Ball
3-0: Called Strike
3-1: Foul Ball, location: 2F
3-2: SINGLE (Groundball, 56D, EV 111.2 MPH)
Brad Brady to second
Brad Brady to third
Batting: RHB Chad Rojas 0-0: Called Strike
0-1: Foul Ball, location: 2F
0-2: Ball
1-2: Ball
2-2: Ball
3-2: Base on Balls
Bob Magana to second
Batting: SHB Josh Vaill 0-0: Called Strike
0-1: Foul Ball, location: 2F
0-2: Ball
1-2: Foul Ball, location: 2F
1-2: Strikes out swinging
Bottom of the 6th over - 3 runs, 4 hits, 0 errors, 3 left on base; Williamsport 0 - Los Angeles (NYP) 10
TOP OF THE 7TH
Williamsport Crosscutters batting - Pitching for Los Angeles (NYP) Dodgers : LHP Billy Nash
Pitching: RHP Alfredo Sanchez
Batting: RHB Xavier Castellanos 0-0: Called Strike
0-1: Called Strike
0-2: Strikes out swinging
Batting: SHB Nick Chandler 0-0: Called Strike
0-1: Called Strike
0-2: Strikes out swinging
Pinch Hitting: RHB Justin Harris 0-0: DOUBLE (Line Drive, 7LM, EV 105.6 MPH)
Pinch Hitting: RHB Gavin Helton 0-0: Swinging Strike
0-1: Ball
1-1: Ball
2-1: Foul Ball, location: 2F
2-2: Foul Ball, location: 2F
2-2: Ball
3-2: Fly out, F4 (Line Drive, 4, EV 65.6 MPH)
Top of the 7th over - 0 runs, 1 hit, 0 errors, 1 left on base; Williamsport 0 - Los Angeles (NYP) 10
BOTTOM OF THE 7TH
Los Angeles (NYP) Dodgers batting - Pitching for Williamsport Crosscutters : RHP Si-dao Xia
Now at 1B: Drew Duncan
Now at SS: Gavin Helton
Batting: RHB Alex Mejia 0-0: Ball
1-0: Ball
2-0: Foul Ball, location: 2F
2-1: SINGLE (Groundball, 6MD, EV 98.8 MPH)
Batting: RHB Adam Maczko 0-0: Ball
1-0: Ball
2-0: Ball
3-0: Called Strike
3-1: Base on Balls
Alex Mejia to second
Batting: RHB Tommy Hunter 0-0: Ball
1-0: Ball
2-0: Ball
3-0: Base on Balls
Alex Mejia to third
Adam Maczko to second
Pitching: LHP Chad Mroczkowski
Batting: LHB Fernão Manta 0-0: Called Strike
0-1: Ball
1-1: Foul Ball, location: 2F
1-2: Ball
2-2: Foul Ball, location: 2F
2-2: Ball
3-2: Base on Balls
Alex Mejia scores
Adam Maczko to third
Tommy Hunter to second
Batting: RHB Brad Brady 0-0: Ball
1-0: Ball
2-0: Fielders Choice at 2nd, 5-4 (Groundball, 56, EV 88.1 MPH)
Adam Maczko scores
Tommy Hunter to third
Batting: LHB Bobby Gambrell 0-0: Ball
1-0: Fly out, F7 (Flyball, 78S, EV 85.0 MPH)
Batting: RHB Bob Magana 0-0: Ball
1-0: Ball
2-0: Called Strike
2-1: Ball
3-1: Foul Ball, location: 2F
3-2: Ground out 6-3 (Groundball, 6M, EV 80.6 MPH)
Bottom of the 7th over - 2 runs, 1 hit, 0 errors, 2 left on base; Williamsport 0 - Los Angeles (NYP) 12
TOP OF THE 8TH
Williamsport Crosscutters batting - Pitching for Los Angeles (NYP) Dodgers : RHP Alfredo Sanchez
Batting: RHB Salvador Avina 0-0: Ball
1-0: Called Strike
1-1: Fly out, F8 (Flyball, 8RM, EV 91.9 MPH)
Pinch Hitting: LHB Jorge Zermeno 0-0: Called Strike
0-1: Ball
1-1: Ball
2-1: Called Strike
2-2: Ball
3-2: Strikes out swinging
Batting: RHB Micah McErlean 0-0: Called Strike
0-1: Ball
1-1: Ball
2-1: Foul Ball, location: 2F
2-2: Ground out 6-3 (Groundball, 56, EV 102.5 MPH)
Top of the 8th over - 0 runs, 0 hits, 0 errors, 0 left on base; Williamsport 0 - Los Angeles (NYP) 12
BOTTOM OF THE 8TH
Los Angeles (NYP) Dodgers batting - Pitching for Williamsport Crosscutters : LHP Chad Mroczkowski
Now at 2B: Jorge Zermeno
Batting: RHB Chad Rojas 0-0: Called Strike
0-1: Ball
1-1: Foul Ball, location: 2F
1-2: Foul Ball, location: 2F
1-2: Foul Ball, location: 2F
1-2: Ball
2-2: Ball
3-2: Base on Balls
Batting: SHB Josh Vaill 0-0: Ball
1-0: Called Strike
1-1: Ball
2-1: Foul Ball, location: 2F
2-2: SINGLE (Line Drive, 78S, EV 106.2 MPH)
Chad Rojas to second
Batting: RHB Alex Mejia 0-0: Foul Ball, location: 2F
0-1: Foul Ball, location: 2F
0-2: Hit by Pitch
Chad Rojas to third
Josh Vaill to second
Batting: RHB Adam Maczko 0-0: Ball
1-0: SINGLE (Groundball, 4MS, EV 63.1 MPH) (infield hit)
Chad Rojas scores
Josh Vaill to third
Alex Mejia to second
Batting: RHB Tommy Hunter 0-0: Ball
1-0: Ball
2-0: Ball
3-0: Foul Ball, location: 2F
3-1: Fly out, F8 (Flyball, 8LM, EV 98.1 MPH)
Batting: LHB Fernão Manta 0-0: Called Strike
0-1: Foul Ball, location: 2F
0-2: Fly out, F7 (Flyball, 7, EV 85.0 MPH)
Batting: RHB Brad Brady 0-0: Ball
1-0: DOUBLE (Line Drive, 78D, EV 111.9 MPH)
Josh Vaill scores
Alex Mejia scores
Adam Maczko to third
Batting: LHB Bobby Gambrell 0-0: Called Strike
0-1: Ball
1-1: Foul Ball, location: 2F
1-2: Foul Ball, location: 2F
1-2: Foul Ball, location: 2F
1-2: Foul Ball, location: 2F
1-2: Strikes out swinging
Bottom of the 8th over - 3 runs, 3 hits, 0 errors, 2 left on base; Williamsport 0 - Los Angeles (NYP) 15
TOP OF THE 9TH
Williamsport Crosscutters batting - Pitching for Los Angeles (NYP) Dodgers : RHP Alfredo Sanchez
Batting: LHB Chris Moody 0-0: Ball
1-0: Ball
2-0: Ball
3-0: Called Strike
3-1: Swinging Strike
3-2: Base on Balls
Pitching: RHP Jose Sandoval
Batting: SHB Art Kent 0-0: Called Strike
0-1: Hit by Pitch
Chris Moody to second
Batting: RHB Xavier Castellanos 0-0: Ball
1-0: Swinging Strike
1-1: Fly out, F8 (Flyball, 8LM, EV 77.5 MPH)
Batting: RHB John Manocchio 0-0: Ball
1-0: SINGLE (Flyball, 56D, EV 89.4 MPH)
Chris Moody to third
Art Kent to second
Batting: RHB Drew Duncan 0-0: Ball
1-0: Foul Ball, location: 2F
1-1: Ball
2-1: Swinging Strike
2-2: Strikes out looking
Pinch Hitting: LHB Noel Young 0-0: Ball
1-0: Ball
2-0: Called Strike
2-1: Swinging Strike
2-2: Strikes out swinging
Top of the 9th over - 0 runs, 1 hit, 0 errors, 3 left on base; Williamsport 0 - Los Angeles (NYP) 15
Tuesday, March 28th , 2023 - OOTP Baseball 23.10 Build 110